 Dungeon Crawl Stone Soup version 0.31-a0-702-gf82c85558f (webtiles) character file.

Game seed: 18068137504341452110

122 qw the Shooter (level 5, -4/32 HPs)
             Began as a Gargoyle Hunter on Sept 7, 2023.
             Killed by divine providence
             ... invoked by an orc priest
              (15 damage)
             ... on level 3 of the Dungeon.
             The game lasted 00:00:44 (1367 turns).

qw the Shooter (Gargoyle Hunter)                    Turns: 1367, Time: 00:00:45

Health: -4/32      AC: 13    Str: 14    XL:     5   Next: 6%
Magic:  5/5        EV: 10    Int: 10    God:
Gold:   47         SH:  0    Dex: 15    Spells: 4/4 levels left

rFire   . . .        Y - +0 shortbow
rCold   . . .        (shield currently unavailable)
rNeg    + . .        e - +0 ring mail
rPois   inf          (no helmet)
rElec   +            (no cloak)
rCorr   .            (no gloves)
SInv    .            (no boots)
Will    .....        (no amulet)
Stlth   +            a - +4 ring of protection
HPRegen 0.25/turn    (no ring)
MPRegen 0.09/turn

%: no passive effects
@: no status effects
A: sickness immunity, AC +4, negative energy resistance 1, electricity
resistance, torment resistance 1, petrification resistance
a: no special abilities


You were on level 3 of the Dungeon.
You visited 1 branch of the dungeon, and saw 4 of its levels.

You collected 73 gold pieces.
You spent 26 gold pieces at shops.


Innate Abilities, Weirdness & Mutations

You are immune to sickness and miasma.
Your stone body is resilient. (AC +4)
You are immune to poison.
You resist negative energy. (rN+)
You are resistant to electric shocks. (rElec)
You are resistant to unholy torment.
You are immune to petrification.


   Skills:
 - Level 3.0 Fighting
 + Level 5.7 Ranged Weapons
 - Level 1.0 Armour
 - Level 1.5 Dodging
 - Level 1.1 Stealth


You had 4 spell levels left.
You didn't know any spells.
Your spell library was empty.

Inventory:

Hand Weapons
 Y - a +0 shortbow (weapon)
Armour
 e - a +0 ring mail (worn)
Jewellery
 a - a +4 ring of protection (left hand)
Scrolls
 b - 2 scrolls of identify
Potions
 c - a potion of mutation
 f - a potion of cancellation {unknown}
 h - a potion of brilliance {unknown}

Dungeon Overview and Level Annotations

Branches:
Dungeon (4/15)
 Temple: D:4-7

Altars:
Kikubaaqudgha

Shops:
D:2 =:**


Message History

The arrow closely misses the orc priest.
The orc priest hits you but does no damage.
The orc hits you but does no damage.
You shoot an arrow. The arrow barely misses the orc priest.
The orc priest closely misses you. The orc hits you but does no damage.
The orc barely misses you.
The orc priest hits you but does no damage.
You shoot an arrow.
The arrow hits the orc priest but does no damage.
The orc priest is moderately wounded.
The orc priest closely misses you. The orc closely misses you.
You shoot an arrow. The arrow hits the orc priest!
The orc priest is severely wounded.
The orc priest hits you but does no damage.
The orc closely misses you.
You shoot an arrow. The arrow barely misses the orc priest.
The orc priest hits you but does no damage.
The orc hits you with a +0 dagger.
You shoot an arrow.
The arrow hits the orc priest but does no damage.
The orc priest is severely wounded.
The orc priest hits you but does no damage.
The orc hits you with a +0 dagger. The orc priest closely misses you.
The orc hits you with a +0 dagger.
You shoot an arrow. The arrow barely misses the orc priest.
The orc priest hits you but does no damage.
The orc barely misses you.
You shoot an arrow. The arrow hits the orc priest.
The orc priest is almost dead.
The orc priest hits you but does no damage.
The orc hits you but does no damage.
You shoot an arrow.
The arrow hits the orc priest but does no damage.
The orc priest is almost dead.
The orc priest misses you. The orc hits you but does no damage.
You shoot an arrow.
The arrow closely misses the orc priest.
The orc priest invokes the aid of Beogh against you.
Beogh smites you!
You die...

###.#.......#.##.#.#.
###.##.....## ##.#.#.
#...####.### #.#.). #
#.#........ #.###<
...###.####...#..
#.##..
.........###......
#.)...
....##.......###.
####.# ## #.#.#.#.#
#.# #.#.o@..# #.#
..###o### #.# ... ...
#.# +### ##.#. #.# ..
#..## #.# #)# #.. #.#


You could see an orc priest and an orc.

Vanquished Creatures
  4 gnolls (D:3)
  2 adders
  A worm (D:3)
  2 dart slugs
  An orc (D:3)
  6 endoplasms
  A giant cockroach (D:2)
  5 goblins
  6 hobgoblins
  5 jackals (D:1)
  2 quokkas (D:1)
  6 ball pythons
  4 bats
  3 frilled lizards
  3 kobolds
  3 rats
54 creatures vanquished.

Notes
Turn   | Place    | Note
-------+----------+-------------------------------------------
     0 | D:1      | qw the Gargoyle Hunter began the quest for the Orb.
     0 | D:1      | Reached XP level 1. HP: 12/12 MP: 1/1
     0 | D:1      | 0 ||| qw: Version: 0.3-a-76-g4403597
     0 | D:1      | 0 ||| qw: Game counter: 909
     0 | D:1      | 0 ||| qw: Melee chars always use a shield: true
     0 | D:1      | 0 ||| qw: God list: Okawaru
     0 | D:1      | 0 ||| qw: Allow faded altars: false
     0 | D:1      | 0 ||| qw: Do Orc after clearing Dungeon:15 true
     0 | D:1      | 0 ||| qw: Do second Lair branch before Depths: true
     0 | D:1      | 0 ||| qw: Lair rune preference: random
     0 | D:1      | 0 ||| qw: Goals: Normal
     0 | D:1      | 0 ||| PLANNING D:1-11
   127 | D:1      | Reached XP level 2. HP: 17/17 MP: 2/2
   143 | D:1      | HP: 4/17 [hobgoblin (3)]
   148 | D:1      | HP: 2/17 [rat (2)]
   267 | D:1      | Reached XP level 3. HP: 20/21 MP: 3/3
   279 | D:1      | Reached skill level 5 in Ranged Weapons
   555 | D:1      | 555 ||| READING scroll labelled JERUCS ESHEUM.
   556 | D:1      | 556 ||| READING scroll labelled KAKA ASEKI.
   557 | D:1      | 557 ||| READING scroll labelled YTSIOB XOXONU.
   572 | D:1      | 572 ||| READING scroll labelled INAQAUVV KICI.
   573 | D:1      | 573 ||| DROPPING scroll of butterflies.
   607 | D:2      | Found Heusualo's Book Shop.
   637 | D:2      | Found Foiteenk's General Store.
   643 | D:2      | 643 ||| BUYING scroll of identify (26 gold).
   643 | D:2      | Bought a scroll of identify for 26 gold pieces
   643 | D:2      | 643 ||| SHOPLISTING scroll of identify (26 gold, have 14).
   722 | D:2      | Reached skill level 3 in Fighting
   773 | D:2      | Found Zuilul's General Store.
   776 | D:2      | 776 ||| SHOPLISTING 2 potions of curing (66 gold, have 28).
   776 | D:2      | 776 ||| SHOPLISTING amulet of regeneration (330 gold, have
                  | 28).
   776 | D:2      | 776 ||| SHOPLISTING scroll of brand weapon (104 gold, have
                  | 28).
   838 | D:2      | Found a faded altar of an unknown god.
   856 | D:2      | Reached XP level 4. HP: 28/28 MP: 4/4
   889 | D:2      | You fall into a shaft and drop 2 floors!
   895 | D:4      | 895 ||| UPGRADING to +0 ring mail.
   928 | D:4      | 928 ||| UPGRADING to +0 leather armour.
   933 | D:4      | 933 ||| UPGRADING to +0 ring mail.
   943 | D:4      | 943 ||| DROPPING +0 leather armour.
   944 | D:4      | 944 ||| UPGRADING to +4 ring of protection.
   945 | D:4      | 945 ||| READING scroll labelled GOGGOC QOINTOL.
  1092 | D:2      | Found Tiuhouh's Jewellery Shoppe.
  1102 | D:2      | 1102 ||| SHOPLISTING +4 ring of protection (504 gold, have
                  | 47).
  1102 | D:2      | 1102 ||| SHOPLISTING +5 ring of evasion (504 gold, have
                  | 47).
  1102 | D:2      | 1102 ||| SHOPLISTING amulet of the Four Winds {rN+ Will+++
                  | Clar} (849 gold, have 47).
  1102 | D:2      | 1102 ||| SHOPLISTING ring of see invisible (210 gold, have
                  | 47).
  1141 | D:2      | 1141 ||| READING 2 scrolls of identify.
  1141 | D:2      | 1141 ||| IDENTIFYING lumpy white potion
  1166 | D:3      | Reached skill level 1 in Armour
  1173 | D:3      | HP: 6/28 [gnoll/+0 whip (8)]
  1207 | D:3      | 1207 ||| FLEEEEING.
  1208 | D:3      | 1208 ||| FLEEEEING.
  1209 | D:3      | 1209 ||| FLEEEEING.
  1212 | D:3      | 1212 ||| STAIRDANCE
  1301 | D:3      | Found an ancient bone altar of Kikubaaqudgha.
  1318 | D:3      | Reached XP level 5. HP: 28/32 MP: 5/5
  1367 | D:3      | Killed from afar by an orc priest

Levels and vault maps discovered:
D:1:      minmay_arrival_loop, layout_rooms
D:2:      layout_rooms, serial_shops, nicolae_shop_gaudy_bauble,
          nicolae_shop_getting_attention, nicolae_shop_real_fake_doors,
          nicolae_book_shop_shelving, dreamdust_ecumenical_altar_grove,
          minmay_distorted
D:3:      layout_loops_cross, old_standard_altar, amcnicky_altar_gilded
D:4:      layout_rooms

Skill      XL: |  1  2  3  4 |
---------------+-------------+-----
Ranged Weapons | 5 |  5.7
Fighting       | 3 |  3.0
Armour         | 1 |  1.0
Dodging        | |  1.5
Stealth        | |  1.1

Action                     |  1- 3 |  4- 6 || total
---------------------------+-------+-------++-------
   Fire: Shortbow          |   116 |    74 ||   190
    Use: Scroll            |     4 |     2 ||     6
 Armour: Leather armour    |    42 |       ||    42
         Ring mail         |       |    38 ||    38
         Skin              |       |     5 ||     5
  Dodge: Dodged            |    55 |    26 ||    81

Table legend:
 A = Non-vault XP
 B = Vault XP
 C = Vault XP percentage of total XP
 D = Non-vault monster count
 E = Vault monster count
 F = Vault count percentage of total count
                 A         B        C        D         E       F
            +---------+---------+-------+---------+---------+-------
      Total |     173 |       2 |   1.1 |      53 |       1 |   1.9
            +---------+---------+-------+---------+---------+-------
        D:1 |      56 |       0 |   0.0 |      30 |       0 |   0.0
        D:2 |      29 |       2 |   6.5 |      10 |       1 |   9.1
        D:3 |      73 |       0 |   0.0 |      11 |       0 |   0.0
        D:4 |      15 |       0 |   0.0 |       2 |       0 |   0.0
            +---------+---------+-------+---------+---------+-------
